Map: Catalyst LE

Players

axu

  • Race: Protoss Protoss
  • League: Platinum
  • Spawn Location: 11:00

powerofchaos - Winner!

  • Race: Zerg Zerg
  • League: Platinum
  • Spawn Location: 5:00

VOD

Have the link to the VOD?

Description

Time

  • Played on: March 27, 2018, 12:06 p.m.
  • Length: 12:34
Show
View Real Time Build Order
Export as new Build Order

axu Protoss 

Build Orders: 1 Gate Expand 

Get SALT Encoding   

  12  0:01  Probe  
  13  0:19  Probe  
  14  0:37  Probe, Pylon  
  15  0:55  Probe  
  15  0:56  Gateway  
  16  1:07  Assimilator, Probe (Chrono Boost)  
  18  1:19  Probe (Chrono Boost)  
  18  1:24  Probe (Chrono Boost)  
  19  1:33  Probe  
  19  1:37  Nexus  
  20  1:49  Cybernetics Core  
  20  1:51  Probe  
  21  1:57  Gateway  
  21  2:03  Zealot  
  23  2:13  Pylon  
  23  2:21  Assimilator  
  23  2:31  Adept (Chrono Boost)  
  23  2:32  Probe (Chrono Boost)  
  26  2:37  Probe (Chrono Boost)  
  27  2:51  Adept (Chrono Boost)  
  27  2:53  Adept (Chrono Boost)  
  27  3:21  Probe x2  
  27  3:33  Probe x2  
  29  3:45  Probe  
  29  3:46  Probe, Warp Gate (Chrono Boost)  
  31  3:58  Probe x2  
  33  4:10  Probe x2  
  35  4:22  Probe x2  
  37  4:27  Pylon  
  37  4:32  Stargate  
  37  4:34  Probe x2  
  37  4:36  Adept  
  37  4:37  Adept  
  41  4:48  Robotics Facility  
  41  4:51  Gateway  
  39  4:56  Shield Battery  
  39  4:58  Shield Battery  
  39  5:01  Probe x2  
  39  5:04  Assimilator  
  39  5:06  Assimilator  
  41  5:13  Probe  
  41  5:14  Probe  
  43  5:18  Pylon  
  43  5:21  Pylon  
  43  5:26  Probe x2  
  43  5:43  Pylon  
  43  5:49  Pylon  
  32  6:16  Stalker  
  29  6:21  Pylon  
  29  6:22  Pylon  
  27  6:32  Pylon  
  27  6:43  Immortal (Chrono Boost)  
  27  6:44  Pylon  
  31  6:48  Probe (Chrono Boost)  
  31  6:53  Probe (Chrono Boost)  
  33  6:56  Stalker  
  33  6:58  Probe (Chrono Boost)  
  37  7:02  Probe (Chrono Boost)  
  37  7:03  Gateway x2  
  37  7:04  Probe  
  37  7:06  Gateway  
  38  7:09  Stalker  
  38  7:12  Probe  
  41  7:16  Immortal (Chrono Boost), Probe  
  46  7:24  Probe  
  46  7:26  Twilight Council  
  46  7:29  Probe  
  48  7:33  Cybernetics Core  
  48  7:38  Stalker x2  
  50  8:01  Immortal (Chrono Boost)  
  54  8:11  Probe x2  
  54  8:12  Pylon  
  56  8:14  Pylon  
  56  8:23  Probe x2  
  56  8:24  Stalker x2  
  60  8:35  Probe  
  60  8:36  Probe  
  56  8:46  Stalker x2  
  56  8:47  Stalker x2  
  50  8:59  Immortal (Chrono Boost)  
  48  9:11  Gateway  
  48  9:12  Stalker  
  48  9:13  Stalker  
  48  9:16  Probe  
  52  9:21  Probe  
  53  9:28  Probe  
  54  9:33  Probe  
  53  9:39  Immortal (Chrono Boost)  
  53  9:40  Charge (Chrono Boost)  
  53  9:41  Stalker  
  59  9:47  Probe x2  
  61  9:54  Dark Shrine  
  61  10:01  Stalker  
  61  10:02  Stalker  
  65  10:07  Shield Battery  
  65  10:25  Nexus  
  65  10:30  Immortal (Chrono Boost)  
  69  10:45  Zealot  
  69  10:46  Zealot x2  
  75  10:53  Sentry  
  77  11:03  Immortal (Chrono Boost)  
  81  11:29  Zealot x3  
  81  11:30  Zealot x2  
  91  11:38  Immortal  
  95  11:52  Zealot x3  
Show
View Real Time Build Order
Export as new Build Order

powerofchaos Zerg - Winner!

Build Orders: Pool First 

Get SALT Encoding   

  12  0:01  Drone  
  13  0:13  Overlord  
  13  0:18  Drone  
  14  0:32  Drone  
  14  0:33  Drone  
  16  0:38  Drone  
  17  0:48  Spawning Pool  
  16  0:51  Drone  
  16  0:54  Extractor  
  17  1:18  Drone x2  
  18  1:28  Hatchery  
  17  1:36  Zergling x4  
  19  1:43  Drone  
  20  2:02  Drone  
  20  2:06  Zergling x2  
  22  2:15  Overlord  
  22  2:24  Metabolic Boost  
  22  3:01  Zergling x6  
  23  3:06  Drone x3, Roach Warren  
  23  3:09  Queen  
  27  3:32  Drone x2  
  27  3:34  Queen  
  29  3:36  Drone x3  
  29  3:40  Extractor  
  33  3:49  Roach  
  33  3:52  Overlord  
  33  3:53  Overlord  
  35  3:59  Drone  
  35  4:00  Lair  
  36  4:07  Hatchery  
  35  4:13  Roach  
  35  4:14  Roach x2  
  41  4:18  Roach x3  
  47  4:26  Drone  
  47  4:27  Drone  
  49  4:37  Ravager x2  
  51  4:53  Drone  
  51  4:55  Overlord x2  
  51  4:56  Overlord x3  
  52  5:02  Evolution Chamber  
  52  5:03  Drone  
  44  6:05  Roach  
  44  6:06  Roach x5  
  44  6:07  Roach  
  44  6:08  Roach x2  
  60  6:29  Zerg Ground Armor Level 1  
  60  6:31  Drone  
  60  6:32  Drone  
  59  6:33  Hydralisk Den  
  59  6:34  Queen  
  59  6:36  Drone x2  
  62  6:48  Drone  
  62  6:50  Evolution Chamber  
  62  6:55  Drone x3  
  62  6:57  Roach  
  67  7:02  Ravager x4  
  67  7:05  Zergling x6  
  67  7:07  Zergling x6  
  67  7:08  Zergling x2  
  78  7:09  Overlord  
  78  7:18  Hydralisk  
  78  7:20  Hydralisk  
  78  7:21  Overlord  
  82  7:40  Drone x4  
  82  7:43  Extractor  
  85  7:45  Drone x2, Extractor  
  85  7:48  Extractor  
  77  8:05  Ravager  
  77  8:06  Ravager x2  
  77  8:08  Hydralisk  
  77  8:11  Drone x2  
  77  8:12  Drone x2  
  86  8:18  Drone x6  
  92  8:28  Zerg Missile Weapons Level 1  
  71  9:02  Glial Reconstitution  
  68  9:17  Ravager  
  68  9:18  Roach x3  
  68  9:19  Roach x11  
  68  9:20  Roach  
  68  9:21  Zergling x14  
  68  9:22  Zergling x6  
  68  9:23  Zergling x6  
  112  9:30  Drone, Extractor  
  112  9:31  Drone x2  
  112  9:43  Drone  
  113  9:49  Drone  
  113  9:52  Overlord  
  114  9:53  Overlord x2  
  114  9:55  Overlord x4  
  114  10:00  Overseer  
  114  10:01  Pneumatized Carapace  
  114  10:03  Burrow  
  114  10:05  Zerg Ground Armor Level 2  
  114  10:08  Muscular Augments  
  114  10:15  Baneling Nest  
  114  10:19  Ravager x2  
  114  10:20  Ravager  
  114  10:21  Tunneling Claws  
  116  10:29  Hydralisk x2  
  116  10:30  Hydralisk  
  122  11:01  Roach x4  
  122  11:02  Roach x4  
  138  11:20  Grooved Spines  
  141  11:32  Roach  
  141  11:33  Roach x7  
Tags
 
Add a new tag
Caveats
  • Supply blocks, unpowered buildings, or Contaminate may cause inaccurate times.
  • Supply counts are checked every 10 seconds.